 Dungeon Crawl Stone Soup version 0.22.0 (console) character file.

1246 thesubatomic the Cudgeler (level 8, -6/50 HPs)
             Began as a Gargoyle Fighter on Aug 11, 2018.
             Was a Believer of Okawaru.
             Mangled by an orc warrior
             ... wielding a +0 glaive
              (17 damage)
             ... on level 5 of the Dungeon.
             The game lasted 00:08:01 (4291 turns).

thesubatomic the Cudgeler (Gargoyle Fighter)        Turns: 4291, Time: 00:08:01

Health: -6/50      AC: 14    Str: 27    XL:     8   Next: 50%
Magic:  8/8        EV:  8    Int:  9    God:    Okawaru [**....]
Gold:   325        SH: 10    Dex:  9    Spells: 7/7 levels left

rFire    . . .     SeeInvis .   a - +0 flail
rCold    . . .     Gourm    .   c - +0 shield
rNeg     + . .     Faith    .   b - +0 scale mail
rPois    ∞         Spirit   .   (no helmet)
rElec    +         Reflect  .   y - scarf {repulsion}
rCorr    .         Harm     .   h - +0 pair of gloves
MR       .....                  (no boots)
Stlth    ..........             (no amulet)
HPRegen  0.16/turn              z - +3 ring of strength
MPRegen  0.11/turn              B - +2 ring of strength

@: repel missiles
A: negative energy resistance 1, electricity resistance, unbreathing,
petrification resistance, rot immunity, AC +5
a: Heroism, Renounce Religion


You were on level 5 of the Dungeon.
You worshipped Okawaru.
Okawaru was pleased with you.
You were not hungry.

You visited 1 branch of the dungeon, and saw 6 of its levels.

You collected 325 gold pieces.

Inventory:

Hand Weapons
 a - a +0 flail (weapon)
 x - a +0 quarterstaff
 H - a cursed -1 longbow
Armour
 b - a +0 scale mail (worn)
 c - a +0 shield (worn)
 h - a +0 pair of gloves (worn)
 y - a scarf of repulsion (worn)
Jewellery
 g - an uncursed ring of protection from fire {unknown}
 z - a +3 ring of strength (left hand)
 B - a +2 ring of strength (right hand)
 G - a +2 ring of protection {unknown}
Wands
 s - a wand of polymorph (11)
 A - a wand of flame (14)
Scrolls
 e - a scroll of immolation {unknown}
 i - 8 scrolls of identify {unknown}
 j - a scroll of enchant armour {unknown}
 m - 2 scrolls of magic mapping {unknown}
 q - a scroll of blinking {unknown}
 u - 3 scrolls of remove curse {unknown}
 v - 6 scrolls of teleportation {unknown}
 w - a scroll of fear {unknown}
 F - a scroll of fog {unknown}
Potions
 d - a potion of might
 k - a potion of haste {unknown}
 l - a potion of mutation {unknown}
 n - a potion of agility {unknown}
 o - 2 potions of lignification {unknown}
 p - 2 potions of heal wounds {unknown}
 r - a potion of degeneration {unknown}
 t - 2 potions of cancellation {unknown}
 C - a potion of curing {unknown}
 E - a potion of flight {unknown}
Comestibles
 f - 14 rations
 D - 13 chunks of flesh


   Skills:
 + Level 5.5 Fighting
 + Level 7.2 Maces & Flails
 + Level 5.5 Armour
 + Level 5.5 Shields


You had 7 spell levels left.
You didn't know any spells.
Your spell library was empty.

Dungeon Overview and Level Annotations

Branches:
Dungeon (6/15)
 Temple: D:4-7

Altars:
Dithmenos
Fedhas
Makhleb
Okawaru
Qazlal
Ru
Uskayaw


Innate Abilities, Weirdness & Mutations

You are resistant to torment.
Your stone body is resilient. (AC +5)
You are immune to poison.
You resist negative energy. (rN+)
You are resistant to electric shocks. (rElec)
You can survive without breathing.
You are immune to petrification.
You are immune to rotting.


Message History

No target in view!
You climb downwards.
The orc warrior hits you with a glaive! You block the adder skeleton's attack.
The adder skeleton barely misses you.
The orc warrior hits you but does no damage.
There is a stone staircase leading up here.
The orc priest invokes the aid of Beogh against you.
Beogh smites you! The adder skeleton barely misses you.
You climb upwards.
There is a stone staircase leading down here.
You are too injured to fight recklessly!
You are too injured to fight recklessly!
You are too injured to fight recklessly!
You are too injured to fight recklessly!
You hit the orc warrior.
The orc warrior is lightly wounded.
The orc warrior hits you with a glaive!
* * * LOW HITPOINT WARNING * * *
You closely miss the orc warrior.
The orc warrior is lightly wounded.
The orc warrior hits you with a glaive!
You die...

###............#.#
....###.###......##### ....#
#......##......##### ....#
#......##.##.......########
....#
#.........[................
....#
##.....##.######......#####
....# #.....##.# #.....##...#
†...# ####...#.# #.....####.###
....#### ###.#.# #......###.(..
##.....###
#.#.####....#..######
#####...####...@o.#.......[...#
###....###.##.<.....#######
####.###.####....## #.....#
#....# #####.# #....# ###
#....# ######


You could see an orc warrior.

Vanquished Creatures
  Menkaure (D:4)
  The ghost of severen the Insei, an amateur OpFi (D:3)
  2 phantoms
  3 ogres (D:5)
  Blork the orc (D:4)
  A scorpion (D:5)
  A crimson imp (D:5)
  A bullfrog zombie (D:5)
  2 hounds
  An orc priest (D:5)
  A centaur skeleton (D:5)
  2 orc wizards (D:5)
  2 iguanas (D:5)
  A worker ant (D:4)
  A gnoll (D:1)
  2 adders (D:3)
  A shadow imp (D:5)
  An ooze (D:1)
  3 worms
  2 dart slugs
  9 leopard geckos
  4 orcs
  6 bats
  3 giant cockroaches
  14 goblins
  5 hobgoblins
  4 jackals (D:5)
  13 kobolds
  3 quokkas
  A ball python (D:3)
  3 frilled lizards
  7 rats
102 creatures vanquished.

Notes
Turn   | Place    | Note
-------+----------+-------------------------------------------
     0 | D:1      | thesubatomic the Gargoyle Fighter began the quest for the Orb.
     0 | D:1      | Reached XP level 1. HP: 14/14 MP: 1/1
   161 | D:1      | Reached XP level 2. HP: 17/19 MP: 2/2
   207 | D:1      | Reached skill level 3 in Maces & Flails
   313 | D:1      | Reached XP level 3. HP: 18/23 MP: 3/3
  1012 | D:2      | Reached skill level 4 in Maces & Flails
  1231 | D:2      | Found a shadowy altar of Dithmenos.
  1318 | D:2      | Reached XP level 4. HP: 27/28 MP: 4/4
  1610 | D:3      | Found a runed door.
  1616 | D:3      | Noticed severen's ghost (amateur OpFi)
  1652 | D:3      | Killed severen's ghost
  1652 | D:3      | Reached skill level 5 in Maces & Flails
  1652 | D:3      | Reached XP level 5. HP: 21/32 MP: 5/5
  1662 | D:3      | Found a runed door.
  1683 | D:3      | Found a hide-covered altar of Uskayaw.
  1964 | D:3      | Found an iron altar of Okawaru.
  2109 | D:3      | Became a worshipper of Warmaster Okawaru
  2296 | D:3      | Reached skill level 6 in Maces & Flails
  2332 | D:3      | Found a blossoming altar of Fedhas.
  2478 | D:4      | Reached XP level 6. HP: 37/37 MP: 6/6
  2700 | D:4      | Found a sacrificial altar of Ru.
  2701 | D:4      | Noticed Menkaure
  2713 | D:4      | Killed Menkaure
  2850 | D:4      | Noticed Blork the orc
  2859 | D:4      | Killed Blork the orc
  3002 | D:4      | Found a burning altar of Makhleb.
  3137 | D:4      | Noticed a phantom
  3178 | D:4      | Killed a phantom
  3178 | D:4      | Reached XP level 7. HP: 33/43 MP: 7/7
  3203 | D:4      | Reached * piety under Okawaru
  3490 | D:5      | Entered Level 5 of the Dungeon
  3574 | D:5      | Found a stormy altar of Qazlal.
  3842 | D:5      | Reached XP level 8. HP: 40/48 MP: 8/8
  3889 | D:5      | Reached skill level 5 in Fighting
  3889 | D:5      | Reached skill level 5 in Armour
  3889 | D:5      | Reached skill level 5 in Shields
  4036 | D:5      | Reached skill level 7 in Maces & Flails
  4183 | D:5      | Reached ** piety under Okawaru
  4291 | D:5      | Mangled by an orc warrior

Skill      XL: |  1  2  3  4  5  6  7  8 |
---------------+-------------------------+-----
Maces & Flails | 3 4 5 6 7 |  7.2
Fighting       | 4 5 |  5.5
Armour         | 4 5 |  5.5
Shields        | 4 5 |  5.5

Action                   |  1- 3 |  4- 6 |  7- 9 || total
-------------------------+-------+-------+-------++-------
Melee: Flail             |   165 |   151 |   180 ||   496
  Eat: Chunk             |     2 |     4 |     6 ||    12
Armor: Scale mail        |    78 |    60 |    70 ||   208
Dodge: Dodged            |    58 |    30 |    37 ||   125
       Deflected         |       |     2 |       ||     2
Block: Shield            |    88 |    62 |    98 ||   248
